 Dungeon Crawl Stone Soup version 0.20-a0-760-g49f5558 (webtiles) character file.

54 polly the Bolt Thrower (level 3, -1/28 HPs)
             Began as a Demonspawn Hunter on Feb 25, 2017.
             Slain by Sigmund
             ... wielding a +0 scythe
              (6 damage)
             ... on level 2 of the Dungeon.
             The game lasted 00:01:16 (1149 turns).

polly the Bolt Thrower (Demonspawn Hunter)          Turns: 1149, Time: 00:01:17

Health: -1/28      AC:  3    Str: 13    XL:     3   Next: 66%
Magic:  0/3        EV: 12    Int: 12    God:
Gold:   77         SH:  0    Dex: 13    Spells: 2/2 levels left

rFire    . . .     SeeInvis .   a - +1 hand crossbow
rCold    . . .     Gourm    .   c - +0 leather armour
rNeg     . . .     Faith    .   (no shield)
rPois    .         Spirit   +   (no helmet)
rElec    .         Reflect  .   (no cloak)
rCorr    .         Harm     .   (no gloves)
MR       .....                  (no boots)
Stlth    +.........             (no amulet)
Regen    0.1/turn               (no ring)
MPRegen  0.1/turn               (no ring)

@: no status effects
A: talons 1, magic shield
a: no special abilities


You were on level 2 of the Dungeon.
You were hungry.

You visited 1 branch of the dungeon, and saw 2 of its levels.

You collected 77 gold pieces.

Inventory:

Hand Weapons
 a - a +1 hand crossbow (weapon)
 b - a +0 short sword
Missiles
 d - 22 bolts (quivered)
Armour
 c - a +0 leather armour (worn)
Jewellery
 o - an uncursed ring of flight {unknown}
Scrolls
 e - a scroll of immolation {unknown}
 g - 2 scrolls of remove curse {unknown}
 k - a scroll of magic mapping {unknown}
Potions
 h - 2 potions of curing
 j - a potion of ambrosia {unknown}
 m - a potion of mutation {unknown}
 n - a potion of berserk rage {unknown}
Comestibles
 f - a bread ration
 i - 2 meat rations
 l - a royal jelly


   Skills:
 + Level 2.4 Fighting
 + Level 4.6 Crossbows
 + Level 2.0 Dodging
 + Level 0.8 Stealth


You had 2 spell levels left.
You didn't know any spells.

Dungeon Overview and Level Annotations

Branches:
Dungeon (2/15)

Altars:

Annotations:
D:2 Sigmund


Innate Abilities, Weirdness & Mutations

You have sharp toenails.
When hurt, damage is shared between your health and your magic reserves.


Message History

Sigmund hits you from afar with a scythe.
* * * LOW HITPOINT WARNING * * *
It was a potion of curing.
You feel better. Sigmund closely misses you.
Firing (i - inventory):
d - 25 bolts (quivered)
Press: ? - help, Shift-Dir - straight line, f/p - Sigmund
Aim: Sigmund, wielding a scythe and wearing a robe (severely wounded)
You shoot a bolt. The bolt closely misses Sigmund.
Sigmund hits you but does no damage.
Firing (i - inventory):
d - 24 bolts (quivered)
Press: ? - help, Shift-Dir - straight line, f/p - Sigmund
Aim: Sigmund, wielding a scythe and wearing a robe (severely wounded)
You shoot a bolt. The bolt barely misses Sigmund.
Sigmund hits you from afar with a scythe!
* * * LOW HITPOINT WARNING * * *
Firing (i - inventory):
d - 23 bolts (quivered)
Press: ? - help, Shift-Dir - straight line, f/p - Sigmund
Aim: Sigmund, wielding a scythe and wearing a robe (severely wounded)
You shoot a bolt. The bolt barely misses Sigmund.
Sigmund hits you from afar with a scythe!
You die...

#.#.# .# #.#.# .# #.#.##
.# #####....####.##
#.(............#
#.####...###...#
##@#########.###.
#.######............# #.
#......@..#########.###.
########.## ##...# #.#
###.# #.# #.. #.# ###
#.# #†# ########## #(#
.......... #.#
.#########


You could see Sigmund.

Vanquished Creatures
  An adder (D:2)
  2 dart slugs
  A leopard gecko (D:1)
  6 bats (D:1)
  2 hobgoblins (D:1)
  7 jackals (D:1)
  A quokka (D:2)
  A ball python (D:1)
  2 frilled lizards (D:1)
  6 goblins (D:1)
  4 kobolds
  4 rats
37 creatures vanquished.

Notes
Turn   | Place    | Note
-------+----------+-------------------------------------------
     0 | D:1      | polly the Demonspawn Hunter began the quest for the Orb.
     0 | D:1      | Reached XP level 1. HP: 16/16 MP: 1/1
    91 | D:1      | Gained mutation: You have sharp toenails. [demonic ancestry]
    91 | D:1      | Reached XP level 2. HP: 22/22 MP: 2/2
   160 | D:1      | Reached skill level 4 in Crossbows
   614 | D:1      | Gained mutation: When hurt, damage is shared between your health and your magic reserves. [demonic ancestry]
   614 | D:1      | Reached XP level 3. HP: 27/27 MP: 3/3
  1129 | D:2      | Noticed Sigmund
  1149 | D:2      | Slain by Sigmund

Vault maps used:
D:1:      dpeg_arrival_arbitrary_a
D:2:      uniq_sigmund

Skill      XL: |  1  2  3 |
---------------+----------+-----
Crossbows      | 4 |  4.6
Dodging        | 2 |  2.0
Fighting       | |  2.4
Stealth        | |  0.8

Action                   || total
-------------------------++-------
 Fire: Hand crossbow     ||    94
  Use: Potion            ||     1
Armor: Leather armour    ||    12
Dodge: Dodged            ||    29
